 Dungeon Crawl Stone Soup version 0.22-a0-252-gcace5d2 (webtiles) character file.

1520 SpeedyPerson7 the Chopper (level 8, 44/74 HPs)
             Began as a Deep Dwarf Fighter on Mar 2, 2018.
             Quit the game on level 10 of the Dungeon.
             The game lasted 00:03:27 (3067 turns).

SpeedyPerson7 the Chopper (Deep Dwarf Fighter)      Turns: 3067, Time: 00:03:27

Health: 44/74      AC: 10    Str: 23    XL:     8   Next: 54%
Magic:  0/5        EV:  8    Int:  8    God:
Gold:   235        SH: 10    Dex: 12    Spells: 7/7 levels left

rFire    . . .     SeeInvis .   a - +0 war axe
rCold    . . .     Gourm    .   c - +0 shield
rNeg     . . .     Faith    .   b - +0 scale mail
rPois    .         Spirit   +   g - +0 helmet
rElec    .         Reflect  .   (no cloak)
rCorr    .         Harm     .   t - +0 pair of gloves (curse)
MR       +....                  (no boots)
Stlth    +.........             q - amulet of guardian spirit
HPRegen  0.00/turn              r - ring of stealth
MPRegen  0.09/turn              (no ring)

@: non-regenerating
A: damage resistance, heal wounds, sense surroundings 1, no regeneration
a: Heal Wounds


You were on level 10 of the Dungeon.
You were hungry.

You visited 2 branches of the dungeon, and saw 9 of its levels.

You collected 235 gold pieces.

Inventory:

Hand Weapons
 a - a +0 war axe (weapon)
Armour
 b - a +0 scale mail (worn)
 c - a +0 shield (worn)
 g - a +0 helmet (worn)
 t - a cursed +0 pair of gloves (worn)
Jewellery
 f - an uncursed amulet of rage
 q - an amulet of guardian spirit (around neck)
 r - a ring of stealth (left hand)
Wands
 l - a wand of polymorph (6)
Scrolls
 h - 4 scrolls of identify {unknown}
 i - 2 scrolls of teleportation {unknown}
 k - a scroll of random uselessness {unknown}
 n - 2 scrolls of blinking {unknown}
 o - a scroll of remove curse {unknown}
 u - a scroll of amnesia {unknown}
Potions
 d - a potion of might
 j - 3 potions of brilliance {unknown}
 m - a potion of resistance {unknown}
 p - 2 potions of curing {unknown}
 s - a potion of flight {unknown}
 v - a potion of agility {unknown}
Comestibles
 e - 6 rations


   Skills:
 + Level 5.1 Fighting
 * Level 7.7 Axes
 + Level 6.2 Armour
 + Level 6.2 Shields


You had 7 spell levels left.
You didn't know any spells.

Dungeon Overview and Level Annotations

Branches:
Dungeon (10/15)            Temple (1/1) D:5             Orc (0/2) D:9
   Lair: D:8-11

Altars:
Ashenzari
Cheibriados
Dithmenos
Elyvilon
Fedhas
Gozag
Hepliaklqana
Kikubaaqudgha
Okawaru
Qazlal
Ru
Sif Muna
Trog
Uskayaw
Vehumet
Wu Jian
Xom
Zin


Innate Abilities, Weirdness & Mutations

You are resistant to damage.
You can heal yourself by infusing magical energy.
You passively map a small area around you.
You do not regenerate.


Message History

You slash the scorpion!
The scorpion is heavily wounded.
The scorpion stings you but does no damage.
You slash the scorpion!
You kill the scorpion!
No target in view!
No target in view!
No target in view!
No target in view!
No target in view!
No target in view!
No target in view!
No target in view!
No target in view!
No target in view!
No target in view!
No target in view!
No target in view!
No target in view!
Are you sure you want to abandon this character and quit the game? (Confirm with "yes".)

h...........#....#* * *
,#.........**#.##..# *
**#.......**##.###.# * *
##.....# ##..# *.# * *,
##......###...#* ... *
,. ##.............## .##
...#.................#*#
*..........††.....##)##
.......@........## .#
...............## #.#
...............# ##..##
,..............## *.....
, ...........#### *#...
.........### #.. ,
#......### #.. **
##....# #.. #..


There were no monsters in sight!

Vanquished Creatures
  The ghost of grom234 the Ruffian, a novice DrTm (D:4)
  A hippogriff (D:10)
  A phantom (D:4)
  An ogre (D:5)
  A centaur (D:2)
  A big kobold (D:9)
  3 bullfrogs
  A scorpion (D:10)
  A howler monkey (D:5)
  A crimson imp (D:6)
  2 hounds
  An orc priest (D:4)
  An orc wizard (D:4)
  A centaur skeleton (D:4)
  Natasha (twice) (D:4)
  An iguana (D:4)
  A howler monkey zombie (D:5)
  Robin (D:4)
  8 adders
  An adder zombie (D:10)
  An adder skeleton (D:9)
  A worm (D:5)
  A dart slug (D:1)
  12 orcs
  A ball python (D:2)
  3 bats
  2 giant cockroaches (D:4)
  16 goblins
  A hobgoblin (D:4)
  7 jackals
  3 quokkas
  5 frilled lizards
  11 kobolds
  A kobold zombie (D:5)
  A quokka skeleton (D:9)
  4 rats
101 creatures vanquished.

Notes
Turn   | Place    | Note
-------+----------+-------------------------------------------
     0 | D:1      | SpeedyPerson7 the Deep Dwarf Fighter began the quest for the Orb.
     0 | D:1      | Reached XP level 1. HP: 20/20 MP: 1/1
    48 | D:1      | Reached XP level 2. HP: 27/27 MP: 2/2
   570 | D:2      | Found a white marble altar of Elyvilon.
   599 | D:2      | Reached skill level 3 in Axes
   599 | D:2      | Reached XP level 3. HP: 29/33 MP: 3/3
   740 | D:2      | Noticed a centaur
   752 | D:2      | Killed a centaur
   752 | D:2      | Reached XP level 4. HP: 19/42 MP: 4/4
  1004 | D:4      | Reached skill level 4 in Axes
  1004 | D:4      | Reached XP level 5. HP: 47/49 MP: 5/5
  1032 | D:4      | Noticed Natasha
  1043 | D:4      | Noticed grom234's ghost (novice DrTm)
  1044 | D:4      | Killed Natasha
  1091 | D:4      | Killed grom234's ghost
  1091 | D:4      | Reached skill level 5 in Axes
  1091 | D:4      | Reached XP level 6. HP: 27/57 MP: 6/6
  1091 | D:4      | Reached XP level 7. HP: 30/64 MP: 7/7
  1115 | D:4      | Found a deep blue altar of Sif Muna.
  1157 | D:4      | Reached skill level 5 in Shields
  1159 | D:4      | Reached skill level 5 in Armour
  1328 | D:4      | Noticed Natasha
  1332 | D:4      | Killed Natasha
  1332 | D:4      | Reached skill level 6 in Axes
  1348 | D:4      | Noticed Robin
  1371 | D:4      | Killed Robin
  1461 | D:5      | Entered Level 5 of the Dungeon
  1732 | D:5      | Found a staircase to the Ecumenical Temple.
  1746 | Temple   | Entered the Ecumenical Temple
  2389 | D:6      | Reached XP level 8. HP: 41/73 MP: 5/5
  2445 | D:6      | You fall through a shaft for 3 floors!
  2452 | D:9      | Reached skill level 7 in Axes
  2494 | D:9      | Found a staircase to the Orcish Mines.
  2532 | D:9      | Found a shattered altar of Ashenzari.
  2563 | D:9      | Found a bloodstained altar of Trog.
  2563 | D:9      | Found a sacrificial altar of Ru.
  2668 | D:9      | Found a radiant altar of Vehumet.
  2991 | D:10     | Entered Level 10 of the Dungeon
  3047 | D:10     | Noticed a hippogriff
  3061 | D:10     | Killed a hippogriff
  3061 | D:10     | Reached skill level 5 in Fighting
  3067 | D:10     | Quit the game

Vault maps used:
D:1:      eino_arrival_druids_welcome
D:2:      lemuel_crystal_altar, first_ration
D:3:      marbit_many_paths, chequers_ecumenical_altar_simple,
          kennysheep_generic_room_7, uniq_terence
D:4:      serial_shops, shop, tgw_sif, uniq_robin, uniq_natasha
D:5:      cheibrodos_helix_gallery, minmay_temple_entry_statues_pillars,
          nicolae_ossuary_entry_giza
D:9:      lemuel_coloured_pillars_altar, vehumet_crystals,
          chequers_temple_overflow_statue_of_worship
D:10:     basic_altar, the_bakery, uniq_snorg
Temple:   nicolae_temple_figure_eight

Skill      XL: |  1  2  3  4  5  6  7  8 |
---------------+-------------------------+-----
Axes           | 3 4 5 6 7 |  7.7
Fighting       | 3 4 5 |  5.1
Armour         | 4 5 6 |  6.2
Shields        | 4 5 6 |  6.2

Action                   |  1- 3 |  4- 6 |  7- 9 || total
-------------------------+-------+-------+-------++-------
Melee: War axe           |    56 |   104 |   261 ||   421
 Abil: Heal Wounds       |       |     3 |     7 ||    10
  Eat: Chunk             |       |     1 |     6 ||     7
Armor: Scale mail        |    25 |    57 |    98 ||   180
Dodge: Dodged            |    19 |    42 |    84 ||   145
Block: Shield            |    38 |    68 |   125 ||   231

Table legend:
 A = Spawn XP
 B = Non-spawn XP
 C = Spawn XP percentage of total XP
 D = Spawn monster count
 E = Non-spawn monster count
 F = Spawn count percentage of total count
 G = Total turns spent on level
                    A         B        C        D         E        F      G
               +---------+---------+-------+---------+---------+-------+---------
         Total |       0 |    2172 |   0.0 |       0 |     101 |   0.0 |  3067
               +---------+---------+-------+---------+---------+-------+---------
           D:1 |       0 |      14 |   0.0 |       0 |       7 |   0.0 |    82
           D:2 |       0 |     145 |   0.0 |       0 |      13 |   0.0 |   702
           D:3 |       0 |      32 |   0.0 |       0 |       6 |   0.0 |   196
           D:4 |       0 |     901 |   0.0 |       0 |      33 |   0.0 |   481
           D:5 |       0 |     238 |   0.0 |       0 |      17 |   0.0 |   570
           D:6 |       0 |     249 |   0.0 |       0 |       5 |   0.0 |   213
           D:9 |       0 |     266 |   0.0 |       0 |      13 |   0.0 |   546
          D:10 |       0 |     327 |   0.0 |       0 |       7 |   0.0 |    76
               +---------+---------+-------+---------+---------+-------+---------
